 Dungeon Crawl Stone Soup version 0.23.0-38-g208d714 (webtiles) character file.

Game seed: 0

599 Fang the Skirmisher (level 7, -3/66 HPs)
             Began as a Gargoyle Berserker on Feb 27, 2019.
             Was an Elder of Trog.
             Slain by an ogre
             ... wielding a +0 giant club
              (11 damage)
             ... on level 5 of the Dungeon.
             The game lasted 00:03:53 (3859 turns).

Fang the Skirmisher (Gargoyle Berserker)            Turns: 3859, Time: 00:03:54

Health: -3/66      AC: 17    Str: 29    XL:     7   Next: 41%
Magic:  7/7        EV: 10    Int:  8    God:    Trog [****..]
Gold:   159        SH:  0    Dex:  9    Spells: 6/6 levels left

rFire    + . .     SeeInvis .   a - +0 hand axe
rCold    x . .     Gourm    .   (no shield)
rNeg     + . .     Faith    .   f - +0 chain mail
rPois    ∞         Spirit   .   m - +2 helmet
rElec    +         Reflect  .   (no cloak)
rCorr    .         Harm     .   (no gloves)
MR       .....                  (no boots)
Stlth    ..........             h - amulet of rage
HPRegen  0.21/turn              g - +2 ring of strength
MPRegen  0.10/turn              u - ring of fire

@: berserking, very quick
A: negative energy resistance 1, electricity resistance, unbreathing,
petrification resistance, rot immunity, AC +4
a: Berserk, Trog's Hand, Brothers in Arms, Renounce Religion, Evoke Berserk Rage


You were on level 5 of the Dungeon.
You worshipped Trog.
Trog was greatly pleased with you.
You were hungry.

You visited 1 branch of the dungeon, and saw 5 of its levels.

You collected 262 gold pieces.
You spent 103 gold pieces at shops.

Inventory:

Hand Weapons
 a - a +0 hand axe (weapon)
Armour
 f - a +0 chain mail (worn)
 m - a +2 helmet (worn)
Jewellery
 g - a +2 ring of strength (left hand)
 h - an amulet of rage (around neck)
 u - a ring of fire (right hand)
Scrolls
 i - a scroll of magic mapping {unknown}
 k - 2 scrolls of teleportation {unknown}
 l - 2 scrolls of blinking {unknown}
 o - a scroll of identify {unknown}
 p - a scroll of remove curse {unknown}
 q - a scroll of fog {unknown}
 r - a scroll of noise {unknown}
 w - a scroll of amnesia {unknown}
 x - a scroll of immolation {unknown}
 y - a scroll of enchant armour {unknown}
Potions
 d - 3 potions of flight {unknown}
 e - 2 potions of curing {unknown}
 j - a potion of might {unknown}
 n - 4 potions of heal wounds {unknown}
 s - 2 potions of degeneration {unknown}
 t - a potion of agility {unknown}
 v - a potion of haste {unknown}
 z - a potion of invisibility {unknown}
 A - 2 potions of mutation {unknown}
Comestibles
 b - a chunk of flesh
 c - 7 rations


   Skills:
 + Level 5.3 Fighting
 + Level 4.4 Axes
 + Level 4.6 Armour
 + Level 3.5 Dodging


You had 6 spell levels left.
You didn't know any spells.
Your spell library was empty.

Dungeon Overview and Level Annotations

Branches:
Dungeon (5/15)
 Temple: D:4-7

Altars:

Shops:
D:4 %=[[

Annotations:
D:5 Sigmund


Innate Abilities, Weirdness & Mutations

You are resistant to torment.
Your stone body is resilient. (AC +4)
You are immune to poison.
You resist negative energy. (rN+)
You are resistant to electric shocks. (rElec)
You can survive without breathing.
You are immune to petrification.
You are immune to rotting.


Message History

You closely miss the orc wizard. Something hits you.
The ogre hits you with a +0 giant club!
* * * LOW HITPOINT WARNING * * *
The orc wizard barely misses you.
Unknown command.
You barely miss the ogre.
The ogre is moderately wounded.
You slash the shadow imp!
You kill the shadow imp!
Trog accepts your kill.
You hit the orc wizard. You hit the ogre.
The ogre is heavily wounded.
You hit the orc wizard. You closely miss the orc wizard.
You miss the orc wizard.
The orc wizard looks encouraged for a moment.
The orc wizard barely misses you. Something hits you.
* * * LOW HITPOINT WARNING * * *
The ogre hits you with a +0 giant club!
You die...

#.#+#...#..# #.##
#....<.....# ...
#.....##...###..# #
#............ ..#.#
#.....####.####.#.# #
#..........#....#.#.###
........................
######.######.##Oo......
#.# #...@o(#<.## #.#
#####oo# . #.# .{# #.#
.... #. #..#. ... ..
#... # #..#


You could see an ogre, 3 orc wizards and an orc.

Vanquished Creatures
  2 ogres (D:4)
  A scorpion (D:4)
  2 hounds
  A centaur skeleton (D:4)
  A bullfrog skeleton (D:5)
  An orc priest (D:3)
  An iguana (D:4)
  Robin (D:3)
  A gnoll (D:1)
  4 adders
  A shadow imp (D:5)
  An ooze (D:1)
  A worm (D:3)
  5 dart slugs
  6 leopard geckos
  9 orcs
  13 bats
  4 giant cockroaches
  8 hobgoblins
  7 jackals
  2 quokkas (D:4)
  3 ball pythons
  5 frilled lizards
  16 goblins
  7 kobolds
  A leopard gecko skeleton (D:5)
  11 rats
115 creatures vanquished.

Notes
Turn   | Place    | Note
-------+----------+-------------------------------------------
     0 | D:1      | Fang the Gargoyle Berserker began the quest for the Orb.
     0 | D:1      | Reached XP level 1. HP: 14/14 MP: 1/1
   239 | D:1      | Reached XP level 2. HP: 17/19 MP: 2/2
   331 | D:1      | Reached XP level 3. HP: 5/23 MP: 3/3
   333 | D:1      | HP: 1/34 [leopard gecko (4)]
   830 | D:1      | Reached ** piety under Trog
  1008 | D:2      | Reached XP level 4. HP: 21/29 MP: 4/4
  1086 | D:2      | Reached skill level 4 in Fighting
  1416 | D:2      | Reached XP level 5. HP: 33/33 MP: 5/5
  1424 | D:2      | Found a faded altar of an unknown god.
  1905 | D:3      | Noticed Robin
  1912 | D:3      | Reached *** piety under Trog
  1922 | D:3      | Killed Robin
  2436 | D:4      | Noticed an ogre
  2439 | D:4      | Reached **** piety under Trog
  2439 | D:4      | Reached XP level 6. HP: 39/39 MP: 6/6
  2788 | D:4      | Reached skill level 5 in Fighting
  2788 | D:4      | Reached XP level 7. HP: 14/44 MP: 7/7
  3194 | D:4      | Found Faizoyc's Armour Shop.
  3197 | D:4      | Bought a +0 chain mail for 45 gold pieces
  3378 | D:4      | Found Jijic's Armour Shop.
  3683 | D:4      | Found Toogol's Food Boutique.
  3719 | D:4      | Found Sushaol's Jewellery Emporium.
  3723 | D:4      | Bought a cursed ring of teleportation for 58 gold pieces
  3817 | D:5      | Entered Level 5 of the Dungeon
  3848 | D:5      | Noticed Sigmund
  3859 | D:5      | Slain by an ogre

Skill      XL: |  1  2  3  4  5  6 |
---------------+-------------------+-----
Axes           | 3 4 |  4.4
Dodging        | 2 3 |  3.5
Fighting       | 4 5 |  5.3
Armour         | 3 4 |  4.6

Action                   |  1- 3 |  4- 6 |  7- 9 || total
-------------------------+-------+-------+-------++-------
Melee: Hand axe          |    88 |   202 |    90 ||   380
Invok: Berserk           |     1 |     2 |     1 ||     4
  Eat: Chunk             |     1 |     7 |     5 ||    13
Armor: Animal skin       |    35 |   110 |       ||   145
       Chain mail        |       |       |    57 ||    57
Dodge: Dodged            |    53 |   178 |    51 ||   282
